 Dungeon Crawl Stone Soup version 0.27-a0-1529-g1e82c303ef (webtiles) character file.

Game seed: 674385910803436042

2216 tilp the Summoner (level 9, 0/69 HPs)
             Began as a Barachi Summoner on July 11, 2021.
             Was a Believer of Okawaru.
             Slain by a chaos spawn (13 damage)
             ... summoned by a kobold demonologist
             ... on level 10 of the Dungeon.
             The game lasted 00:19:24 (13653 turns).

tilp the Summoner (Barachi Summoner)               Turns: 13653, Time: 00:19:24

Health: 0/69       AC:  7    Str: 14    XL:     9   Next: 35%
Magic:  0/15       EV: 14    Int: 15    God:    Okawaru [**....]
Gold:   482        SH:  0    Dex: 12    Spells: 4/16 levels left

rFire    . . .     SeeInvis .   a - +2 whip (flame)
rCold    . . .     Faith    .   (no shield)
rNeg     . . .     Spirit   +   w - +0 ring mail
rPois    .         Reflect  .   (no helmet)
rElec    .         Harm     .   d - +0 cloak
rCorr    .         Rampage  .   (no gloves)
Will     .....                  (no boots)
Stlth    +++.......             v - amulet of guardian spirit
HPRegen  0.21/turn              (no ring)
MPRegen  0.14/turn              (no ring)

@: heroic, unable to hop, slow
A: amphibious, slowness 1, strong legs 1, +LOS
a: Hop, Renounce Religion, Heroism


You were on level 10 of the Dungeon.
You worshipped Okawaru.
Okawaru was pleased with you.
You visited 2 branches of the dungeon, and saw 9 of its levels.

You collected 482 gold pieces.

Inventory:

Hand Weapons
 a - a +2 whip of flaming (weapon)
 b - a +1 whip of freezing
 g - a +1 dagger of speed
 i - a +0 glaive
 s - a +0 flail
Missiles
 c - 7 atropa-tipped darts
 p - 17 poisoned darts (quivered)
Armour
 d - a +0 cloak (worn)
 w - a +0 ring mail (worn)
Jewellery
 v - an amulet of guardian spirit (around neck)
Wands
 o - a wand of paralysis (4)
 t - a wand of iceblast (2)
Scrolls
 h - 2 scrolls of enchant weapon
Potions
 e - 2 potions of resistance
 j - a potion of might {unknown}
 l - 3 potions of flight {unknown}
 m - a potion of haste {unknown}
 n - a potion of heal wounds {unknown}
 q - a potion of mutation {unknown}
 u - 2 potions of brilliance {unknown}


   Skills:
 - Level 6.0(11.0) Fighting
 - Level 4.0(9.0) Dodging
 - Level 4.0(9.0) Stealth
 - Level 4.0 Spellcasting
 - Level 8.0 Summonings
 + Level 5.8 Invocations
 - Level 4.0 Evocations


You had 4 spell levels left.
You knew the following spells:

 Your Spells              Type           Power      Damage    Failure   Level
b - Call Imp              Summ           27%        N/A       1%          2
c - Call Canine Familiar  Summ           27%        N/A       3%          3
d - Summon Guardian Gole  Hex/Summ       15%        N/A       21%         3
e - Summon Lightning Spi  Summ/Air       15%        N/A       54%         4

Your spell library contained the following spells:

 Spells                   Type           Power      Damage    Failure   Level
 Summon Small Mammal      Summ           100%       N/A       1%          1
 Animate Skeleton         Necr           6%         N/A       34%         1
 Apportation              Tloc           6%         N/A       34%         1
 Corona                   Hex            3%         N/A       34%         1
 Pain                     Necr           12%        1d4       34%         1
 Passwall                 Tmut/Erth      2%         N/A       45%         2
 Swiftness                Air            3%         N/A       71%         3
 Vampiric Draining        Necr           1%         2d6       71%         3
 Summon Forest            Summ/Tloc      7%         N/A       88%         5
 Summon Mana Viper        Hex/Summ       15%        N/A       88%         5
 Shadow Creatures         Summ           N/A        N/A       89%         6
 Invisibility             Hex            1%         N/A       100%        6


Dungeon Overview and Level Annotations

Branches:
Dungeon (7/15)             Temple (1/1) D:6

Altars:
Ashenzari
Cheibriados
Dithmenos
Elyvilon
Fedhas
Gozag
Hepliaklqana
Kikubaaqudgha
Makhleb
Nemelex Xobeh
Okawaru
Qazlal
Ru
Sif Muna
Trog
Uskayaw
Vehumet
Wu Jian
Xom
Yredelemnul
Zin
The Shining One


Innate Abilities, Weirdness & Mutations

You are amphibious.
You cover ground slowly.
You can hop short distances.
You have an extended range of vision and can be seen from far away.


Message History

The bolt of acid hits the kobold demonologist!!
The kobold demonologist is splashed with acid.
The kobold demonologist is severely wounded.
The now-empty wand crumbles to dust.
The quasit bites your crimson imp but does no damage.
The quasit claws your crimson imp but does no damage.
The quasit completely misses your crimson imp.
Unknown command.
Unknown command.
Unknown command.
The quasit closely misses your crimson imp.
The quasit barely misses your crimson imp.
The quasit completely misses your crimson imp.
Your crimson imp hits the quasit.
The quasit closely misses your crimson imp.
The quasit claws your crimson imp.
The quasit closely misses your crimson imp.
Your crimson imp closely misses the quasit.
The crimson imp blinks!
Unknown command.
Aiming: Iceblast
Press: ? - help, Shift-Dir - straight line, f - crimson imp, p - kobold demonologist
Aim: a crimson imp (summoned, friendly) Really fire at your crimson imp?
Okay, then.
Your crimson imp blinks!
The quasit closely misses your crimson imp.
The quasit barely misses your crimson imp.
The quasit closely misses your crimson imp.
The chaos spawn misses you.
Your crimson imp closely misses the quasit.
You start removing your amulet.
You continue taking off your amulet of guardian spirit.
Your crimson imp blinks!
The chaos spawn hits you!
Keep disrobing?
You stop removing your amulet.
* * * LOW HITPOINT WARNING * * *
The chaos spawn freezes you!
You die...

...........###### #..).# #.
#5......§#########...# #.
#.........#..........# #.
#...§#....#.#####..### ##
#..)).....#.# #..# ####
#######..#......#.# #..# #...
+........#.#4...#.# #..# #.##
########.###5K.[#.# #..# #.#
#####...K54@.#.# #..# #.#
........K#5..#.# #..# #.#
...............#####..# #.#
...............#......# #.#
..........#.........#.# #)#
..............>.....#.###.#
.....................#.....#
......................#######
#########...........#


You could see an ice devil (summoned), a kobold demonologist (ally target), a
chaos spawn (summoned), a quasit (summoned, corroded, ally target), a crimson
imp (summoned), 2 kobolds and 2 friendly crimson imps.

Vanquished Creatures
  Maggie (D:6)
  An ice beast (D:5)
  An ogre (D:4)
  A lemure (D:4)
  A kobold brigand (D:10)
  A bullfrog (D:6)
  A water moccasin skeleton (D:4)
  A bullfrog zombie (D:6)
  A centaur skeleton (D:6)
  A mummy (D:5)
  4 gnolls
  3 adders
  8 orcs
  A bat (D:2)
  5 endoplasms
  2 giant cockroaches (D:1)
  11 goblins
  13 hobgoblins
  A jackal (D:2)
  4 kobolds
  3 ball pythons
  7 frilled lizards
  3 rats
75 creatures vanquished.

Vanquished Creatures (collateral kills)
  Pikel (D:5)
  A troll (D:10)
  A water moccasin (D:6)
  An ice beast (D:6)
  A necrophage (D:5)
  A centaur (D:6)
  A lemure (D:5)
  2 scorpions (D:6)
  2 bullfrog zombies (D:6)
  2 orc priests (D:6)
  A gnoll shaman (D:6)
  An iguana (D:3)
  An orc wizard (D:6)
  2 howler monkey zombies
  5 adders
  8 gnolls
  A shadow imp (D:4)
  An adder skeleton (D:4)
  4 dart slugs
  5 orcs
  6 bats
  4 endoplasms
  3 giant cockroaches
  31 goblins
  15 hobgoblins
  2 jackals (D:2)
  4 kobolds
  5 quokkas
  5 ball pythons
  3 frilled lizards
120 creatures vanquished.

Vanquished Creatures (others)
  A troll (D:10)
  A gnoll shaman (D:6)
  A gnoll (D:6)
  An orc (D:6)
  A demonic plant (D:1)
  6 plants (D:1)
11 creatures vanquished.

Grand Total: 206 creatures vanquished

Notes
Turn   | Place    | Note
-------+----------+-------------------------------------------
     0 | D:1      | tilp the Barachi Summoner began the quest for the Orb.
     0 | D:1      | Reached XP level 1. HP: 13/13 MP: 3/3
   274 | D:1      | Reached skill level 1 in Fighting
   715 | D:1      | Reached XP level 2. HP: 20/22 MP: 0/5
   811 | D:1      | Learned a level 2 spell: Call Imp
  1147 | D:1      | Reached skill level 5 in Summonings
  1264 | D:1      | Found a faded altar of an unknown god.
  1989 | D:1      | Reached XP level 3. HP: 27/27 MP: 1/6
  2064 | D:1      | Learned a level 3 spell: Call Canine Familiar
  3550 | D:3      | Reached XP level 4. HP: 9/33 MP: 2/8
  3920 | D:3      | Reached skill level 6 in Summonings
  4649 | D:4      | Reached XP level 5. HP: 19/39 MP: 3/9
  5239 | D:4      | Noticed an ogre
  5807 | D:4      | Killed an ogre
  5808 | D:4      | Reached XP level 6. HP: 47/47 MP: 2/10
  6119 | D:4      | Learned a level 3 spell: Summon Guardian Golem
  6169 | D:5      | Entered Level 5 of the Dungeon
  6169 | D:5      | Noticed Pikel
  6170 | D:5      | Noticed a necrophage
  6549 | D:5      | Found a snail-covered altar of Cheibriados.
  6787 | D:5      | Noticed an ice beast
  6813 | D:5      | Killed an ice beast
  7173 | D:5      | Killed a necrophage
  8616 | D:5      | Killed Pikel
  8617 | D:5      | Reached skill level 7 in Summonings
  8617 | D:5      | Reached XP level 7. HP: 54/54 MP: 3/13
  9202 | D:5      | Reached XP level 8. HP: 54/60 MP: 6/14
  9885 | D:5      | Learned a level 4 spell: Summon Lightning Spire
 10376 | D:6      | Noticed Maggie
 10452 | D:6      | Found a staircase to the Ecumenical Temple.
 10463 | Temple   | Entered the Ecumenical Temple
 11062 | Temple   | Became a worshipper of Warmaster Okawaru
 11545 | D:6      | Killed Maggie
 11545 | D:6      | Reached * piety under Okawaru
 11546 | D:6      | Reached skill level 8 in Summonings
 12279 | D:6      | Reached XP level 9. HP: 16/67 MP: 0/15
 12344 | D:6      | Reached skill level 5 in Fighting
 13186 | D:6      | Identified a scroll of acquirement
 13186 | D:6      | Acquired a book of the Dryads
 13198 | D:7      | You fall into a shaft and drop 3 floors!
 13198 | D:10     | Entered Level 10 of the Dungeon
 13199 | D:10     | Noticed a troll
 13215 | D:10     | Killed a troll
 13216 | D:10     | Reached skill level 5 in Invocations
 13440 | D:10     | Noticed a troll
 13451 | D:10     | Killed a troll
 13451 | D:10     | Reached ** piety under Okawaru
 13619 | D:10     | Noticed a kobold demonologist
 13645 | D:10     | Noticed an ice devil
 13653 | D:10     | Slain by a chaos spawn

Illustrated notes

Levels and vault maps discovered:
D:1:      co_arrival_random_square_maze, layout_basic,
          dreamdust_ecumenical_altar_sealed_demon,
          chequers_serial_rivers_micro_c, minmay_lizard_king
D:2:      layout_rooms, roderic_serpentine_path, minmay_door_square
D:3:      layout_rooms, minmay_bisected
D:4:      layout_loops_ring, kennysheep_windowed_goal
D:5:      minmay_goblin_kobold_castle, layout_basic, slow_altar_1, uniq_pikel
D:6:      layout_basic, minmay_temple_entry_nine_rooms, minmay_misc_feat_iff,
          uniq_maggie
D:7:      layout_basic, serial_shops, shop, gup_ossuary_entry_pyramid,
          kennysheep_generic_room_4, uniq_crazy_yiuf_cottage, uniq_harold
D:10:     layout_basic, nicolae_trove_entry_free_sample, uniq_sonja
Temple:   nicolae_temple_the_god_donut

Skill      XL: |  1  2  3  4  5  6  7  8  9 |
---------------+----------------------------+-----
Fighting       | 1 2 3 4 6 |  6.0
Summonings     | 5 6 7 8 |  8.0
Spellcasting   | 3 4 |  4.0
Stealth        | 2 4 |  4.0
Dodging        | 3 4 |  4.0
Evocations     | 2 3 4 |  4.0
Invocations    | 4 5 |  5.8

Action                   |  1- 3 |  4- 6 |  7- 9 || total
-------------------------+-------+-------+-------++-------
Melee: Unarmed           |    76 |       |       ||    76
       Whip              |    80 |       |   168 ||   248
       Dagger            |       |   180 |       ||   180
Throw: Dart              |     1 |     3 |     4 ||     8
 Cast: Summon Small Mamm |    36 |       |       ||    36
       Call Imp          |    53 |    42 |    53 ||   148
       Call Canine Famil |     1 |    16 |    29 ||    46
       Summon Guardian G |       |     2 |     6 ||     8
Invok: Heroism           |       |       |     1 ||     1
 Abil: Hop               |       |     3 |     3 ||     6
Evoke: Wand              |       |     4 |     6 ||    10
  Use: Scroll            |     5 |     5 |     3 ||    13
       Potion            |       |       |     2 ||     2
 Stab: Distracted        |       |     3 |     2 ||     5
       Sleeping          |       |     1 |       ||     1
       Paralysed         |       |       |     4 ||     4
Armor: Robe              |    35 |       |       ||    35
       Leather armour    |    34 |    34 |    35 ||   103
       Ring mail         |       |       |    17 ||    17
Dodge: Dodged            |   135 |   102 |   116 ||   353

Table legend: (Time is in decaauts)
 A = Elapsed time spent in this place.
 B = Non-inter-level travel time spent in this place.
 C = Inter-level travel time spent in this place.
 D = Time resting spent in this place.
 E = Time spent auto-exploring this place.
 F = Levels seen in this place.
 G = Mean time per level.
                   A        B        C        D        E       F      G
               +--------+--------+--------+--------+--------+-----+--------+
         Total |  14621 |  14015 |    606 |   4606 |   7066 |   9 | 1624.6 |
       Dungeon |  13873 |  13325 |    548 |   4606 |   6383 |   8 | 1734.1 |
        Temple |    748 |    690 |     58 |      0 |    682 |   1 |  748.0 |
               +--------+--------+--------+--------+--------+-----+--------+

Top non-repeatable levels by time:
     D:5: 3815 daAuts
     D:6: 2371 daAuts
     D:1: 2337 daAuts
     D:4: 2274 daAuts
     D:2: 1433 daAuts
     D:3: 1148 daAuts
  Temple: 748 daAuts
    D:10: 489 daAuts
     D:7: 1 daAuts
